Get step-by-step instructions on how to execute this build order below. Start the game timer, and the build order will tick by so you can play in parallel with StarCraft on a second screen or mobile device.

Game Time

  0:00

Last Step

  N/A

Next Step

  12  0:00  SCV  

Upcoming Step

  13  0:12  SCV  

Don't want to look back and forth between 2 screens? Try out our Overwolf App, the Spawning Tool Build Advisor to get an in-game overlay with this build!

Complete Build Order

  12  0:00  SCV  
  13  0:12  SCV  
  14  0:17  Supply Depot  
  14  0:24  SCV  
  15  0:39  SCV  
  16  0:42  Barracks  
  16  0:46  Refinery  
  16  0:51  SCV  
  17  1:03  SCV  
  18  1:15  SCV  
  19  1:27  SCV  
  20  1:33  Barracks Reactor  
  20  1:39  Orbital Command  
  20  1:48  Command Center  
  20  1:53  Refinery  
  20  2:03  Supply Depot  
  20  2:13  Factory  
  20  2:25  Marine x2  
  22  2:33  Command Center  
  22  2:39  SCV  
  22  2:44  Marine, Factory  
  24  2:57  SCV  
  26  3:09  SCV  
  25  3:22  Hellion x2  
  25  3:25  Bunker  
  25  3:27  Marine  
  29  3:28  Factory Tech Lab  
  29  3:29  SCV  
  31  3:34  Supply Depot  
  31  3:46  Orbital Command  
  31  3:52  Marine  
  31  3:55  Hellion  
  32  4:05  Widow Mine  
  32  4:08  Siege Tank  
  37  4:12  SCV  
  38  4:19  Widow Mine  
  40  4:35  SCV x2  
  40  4:37  Widow Mine  
  42  4:40  Widow Mine  
  44  4:52  Siege Tank  
  47  4:53  SCV x2  
  47  4:54  Marine  
  47  4:59  Widow Mine  
  46  5:10  Widow Mine  
  46  5:13  Marine  
  44  5:24  Siege Tank  
  47  5:32  Widow Mine x2  
  47  5:33  Marine, SCV  
  51  5:36  SCV  
  51  5:37  Supply Depot  
  52  5:45  SCV  
  52  5:48  SCV  
  54  5:58  Marine  
  54  5:59  SCV, Siege Tank  
  54  6:00  SCV  
  62  6:18  Widow Mine x2  
  62  6:23  SCV  
  62  6:24  Supply Depot x2  
  60  6:26  Armory  
  60  6:31  Siege Tank  
  64  6:40  Widow Mine  
  59  6:48  Widow Mine, SCV  
  59  6:49  SCV  
  61  7:01  SCV  
  62  7:03  Siege Tank  
  65  7:11  Hellion x2  
  65  7:35  Siege Tank  
  60  8:03  Widow Mine x2  
  62  8:07  Siege Tank  
  60  8:13  Marine  
  58  8:31  Marine  
  59  8:40  SCV x2  
  59  8:52  SCV  
  60  9:04  SCV  
  61  9:11  Command Center  
  61  9:16  SCV  
  62  9:18  Marine  
  62  9:20  Siege Tank  
  62  9:21  Widow Mine x2  
  70  9:28  SCV  
  71  9:36  Marine  
  72  9:40  SCV  
  64  9:53  SCV  
  64  9:54  Marine  
  61  10:00  Orbital Command  
  61  10:05  SCV  
  62  10:16  Siege Tank  
  62  10:17  Widow Mine x2, SCV  
  70  10:29  SCV  
  70  10:35  Refinery  
  71  10:38  Refinery  
  71  10:40  SCV  
  71  10:41  SCV  
  73  10:44  Widow Mine x2  
  73  10:48  Siege Tank  
  80  10:51  Orbital Command  
  80  10:52  SCV  
  80  10:53  SCV  
  78  10:59  Marine  
  79  11:05  SCV x2  
  81  11:13  Supply Depot x2  
  81  11:15  Supply Depot  
  81  11:17  Marine, SCV x2  
  84  11:23  Widow Mine x2, Siege Tank  
  89  11:29  SCV x2  
  89  11:30  Factory  
  87  11:35  Marine  
  86  11:41  SCV x2  
  83  11:53  SCV x2  
  85  11:55  Siege Tank  
  85  12:04  Barracks Reactor  
  85  12:05  SCV  
  85  12:06  SCV  
  87  12:17  SCV x2  
  87  12:18  SCV  
  90  12:23  Marine x2  
  90  12:24  Factory Tech Lab  
  90  12:25  Factory Tech Lab  
  90  12:29  SCV x2  
  94  12:30  SCV  
  94  12:31  Supply Depot  
  94  12:32  Supply Depot x2  
  89  12:41  SCV x2  
  89  12:42  SCV  
  89  12:43  Marine x2  
  90  12:53  SCV x2  
  89  13:01  Marine x2  
  91  13:10  SCV x2  
  91  13:11  SCV  
  94  13:19  Marine x2  
  96  13:22  SCV  
  96  13:23  SCV  
  98  13:30  Siege Tank x3  
  108  13:35  SCV x2  
  108  13:37  Marine x2  
  107  13:51  Refinery  
  107  13:54  Marine x2, Refinery  
  104  14:12  Marine x2